 Dungeon Crawl Stone Soup version 0.24-a0-446-g87df7205b4 (webtiles) character file.

Game seed: 17686023632996504505

49 theanonym the Cudgeler (level 3, 0/27 HPs)
             Began as a Mummy Warper on June 24, 2019.
             Slain by a bullfrog (1 damage)
             ... on level 2 of the Dungeon.
             The game lasted 00:01:39 (1788 turns).

theanonym the Cudgeler (Mummy Warper)               Turns: 1788, Time: 00:01:40

Health: 0/27       AC:  3    Str: 15    XL:     3   Next: 53%
Magic:  7/7        EV: 11    Int: 12    God:
Gold:   49         SH:  0    Dex: 11    Spells: 7/7 levels left

rFire    x . .     SeeInvis .   a - +0 mace
rCold    + . .     Gourm    .   (no shield)
rNeg     + + +     Faith    .   b - +0 leather armour
rPois    ∞         Spirit   .   (no helmet)
rElec    .         Reflect  .   (no cloak)
rCorr    .         Harm     .   (no gloves)
MR       .....                  (no boots)
Stlth    +.........             (no amulet)
HPRegen  0.09/turn              (no ring)
MPRegen  0.10/turn              (no ring)

@: no status effects
A: no food or potions, fire vulnerability, cold resistance 1, negative energy
resistance 3, torment resistance, unbreathing
a: no special abilities


Innate Abilities, Weirdness & Mutations

You do not eat or drink.
Your flesh is vulnerable to fire.
You are immune to poison.
Your flesh is cold resistant. (rC+)
You are immune to negative energy. (rN+++)
You are immune to unholy pain and torment.
You can survive without breathing.


   Skills:
 - Level 2.0 Fighting
 + Level 3.3 Maces & Flails
 - Level 0.7 Throwing
 - Level 0.7 Armour
 - Level 1.5 Dodging
 - Level 2.6 Spellcasting
   Level 2.4 Translocations


You had 7 spell levels left.
You didn't know any spells.
Your spell library contained the following spells:

 Spells                   Type           Power        Failure   Level  Hunger
 Blink                    Tloc           N/A          17%         2    N/A
 Shroud of Golubria       Chrm/Tloc      #.....       28%         2    N/A
 Gell's Gravitas          Tloc           #.........   34%         3    N/A
 Lesser Beckoning         Tloc           #.........   34%         3    N/A
 Teleport Other           Tloc           #.......     34%         3    N/A
 Passage of Golubria      Tloc           N/A          75%         4    N/A

Skill      XL: |  1  2  3 |
---------------+----------+-----
Maces & Flails | 2 3 |  3.3
Fighting       | |  2.0
Throwing       | |  0.7
Armour         | |  0.7
Dodging        | |  1.5
Spellcasting   | |  2.6
Translocations | |  2.4

Action                   || total
-------------------------++-------
Melee: Mace              ||   130
Throw: Boomerang         ||     3
  Use: Scroll            ||     2
Armor: Leather armour    ||    38
Dodge: Dodged            ||   105

Inventory:

Hand Weapons
 a - a +0 mace (weapon)
Missiles
 e - 2 boomerangs of dispersal (quivered)
 h - 10 boomerangs
Armour
 b - a +0 leather armour (worn)
Scrolls
 d - a scroll of fear {unknown}
 f - a scroll of noise
 g - a scroll of enchant weapon {unknown}
 i - a scroll of identify {unknown}
 j - a scroll of random uselessness {unknown}
 n - 2 scrolls of remove curse
 B - a scroll of blinking


You were on level 2 of the Dungeon.
You were not hungry.

You visited 1 branch of the dungeon, and saw 2 of its levels.

You collected 49 gold pieces.

Dungeon Overview and Level Annotations

Branches:
Dungeon (2/15)

Altars:

#.##.#........# #....
#...........### #....
######.#############....
.........................
#######.#.....######.....
....%......#.# #.####
...........#.######.#
####.#.....#.#....<.#
#......@F..#.#.####.####
........................
#.##.#...!.).#.####.##.#
# #.#.....#.#.####.##.#
#.#.......#......##†#
.##.#^...##............
.........................
##.##.####.###.######...#
#. #.# #.######...#


You could see a bullfrog.

Notes
Turn   | Place    | Note
-------+----------+-------------------------------------------
     0 | D:1      | theanonym the Mummy Warper began the quest for the Orb.
     0 | D:1      | Reached XP level 1. HP: 16/16 MP: 4/4
    97 | D:1      | HP: 8/16 [hobgoblin/+0 club (7)]
   105 | D:1      | Reached skill level 2 in Maces & Flails
   287 | D:1      | Reached XP level 2. HP: 16/22 MP: 5/5
   368 | D:1      | HP: 11/22 [hobgoblin (1)]
   747 | D:1      | HP: 10/22 [goblin/+0 club (2)]
  1006 | D:1      | Reached XP level 3. HP: 16/27 MP: 7/7
  1197 | D:2      | HP: 13/27 [quokka (4)]
  1200 | D:2      | Reached skill level 3 in Maces & Flails
  1766 | D:2      | Noticed a bullfrog
  1782 | D:2      | HP: 7/27 [bullfrog (7)]
  1787 | D:2      | HP: 1/27 [bullfrog (3)]
  1788 | D:2      | Slain by a bullfrog

Vanquished Creatures
  An ooze (D:1)
  A dart slug (D:2)
  2 leopard geckos
  6 bats
  A giant cockroach (D:2)
  6 goblins
  5 hobgoblins
  4 jackals (D:2)
  3 kobolds (D:1)
  A quokka (D:2)
  4 frilled lizards
  3 rats (D:1)
37 creatures vanquished.

Table legend:
 A = Turns spent in this place as a percentage of turns spent in the entire game.
 B = Non-inter-level travel turns spent in this place as a percentage of non-inter-level travel turns spent in the entire game.
 C = Inter-level travel turns spent in this place as a percentage of turns spent in this place.
 D = Turns resting spent in this place as a percentage of non-inter-level travel turns spent in this place.
 E = Turns spent auto-exploring this place as a percentage of non-inter-level travel turns spent in this place.
 F = Non-inter-level travel turns spent in this place divided by the number of levels of this place that you've seen.
                   A       B       C       D       E      F
               +-------+-------+-------+-------+-------+----------------------
         Total | 100.0 | 100.0 |   1.8 |  57.2 |  28.4 | 877.5
       Dungeon | 100.0 | 100.0 |   1.8 |  57.2 |  28.4 | 877.5
               +-------+-------+-------+-------+-------+----------------------
